AoeStats
← john f kennedy

Arabia

505735440Analyzed
3v3 RM · 23d ago on Sep 10, 2026· 59m 2s· 6 players
Game mode
Random Map
Map size
Normal (6 player)
Population
200
Speed
Normal
Resources
Standard
Victory
Conquest
Starting age
Dark Age
Ending age
Imperial Age
RankedLock teamsTeams togetherTeam positionsShared explorationLock speedFull tech treeHidden civsTurbo modeCheats
Victory
Defeat
🇩🇰 Mongols · Denmark
903
+13
🇩🇰 Spanish · Denmark
887
+14
🇩🇰 Mongols · Denmark
858
+15
🇮🇳 Teutons · India
869
-15
🇮🇳 Franks · India
836
-20
🇮🇳 Vikings · India
812
-13
Ujj013
9:56 Loom
11:59 Feudal Age
19:18 Castle Age
17:51 Double-Bit Axe
18:03 Horse Collar
20:38 Fletching
20:25 Pikeman
23:00 Forging
24:25 Bow Saw
24:18 Heavy Plow
26:36 Crossbowman
28:20 Bodkin Arrow
30:53 Padded Archer Armor
33:50 Imperial Age
33:49 Iron Casting
33:14 Scale Mail Armor
36:13 Blast Furnace
35:29 Chain Mail Armor
36:53 Bracer
37:10 Leather Archer Armor
37:31 Gold Mining
37:31 Stone Mining
38:35 Plate Mail Armor
38:34 Sappers
39:27 Conscription
39:37 Conscription
39:20 Chieftains
39:03 Elite Skirmisher
40:37 Ring Archer Armor
42:15 Ballistics
42:56 Chemistry
42:37 Gold Shaft Mining
43:05 Two-Man Saw
48:18 Bogsveigar
WHITE
10:01 Loom
13:19 Feudal Age
17:21 Castle Age
15:29 Double-Bit Axe
15:28 Horse Collar
16:26 Stone Mining
18:53 Bow Saw
25:39 Heavy Plow
31:47 Forging
31:37 Scale Mail Armor
32:42 Gold Mining
35:40 Imperial Age
35:29 Iron Casting
34:54 Scale Mail Armor
36:12 Squires
35:59 Arson
36:00 Gambesons
37:31 Two-Man Saw
37:03 Crop Rotation
40:55 Wheelbarrow
41:55 Blast Furnace
41:11 Chain Mail Armor
42:28 Elite Teutonic Knight
44:28 Conscription
48:49 Plate Mail Armor
56:13 Elite Skirmisher
Vansh2218
12:01 Feudal Age
16:34 Castle Age
16:17 Loom
17:17 Pikeman
19:55 Double-Bit Axe
28:18 Scale Barding Armor
31:40 Chain Barding Armor
32:14 Bow Saw
37:17 Husbandry
37:56 Stone Mining
41:52 Elite Skirmisher
42:53 Forging
53:35 Iron Casting
john f kennedy
11:19 Feudal Age
19:03 Castle Age
19:08 Bloodlines
19:17 Scale Barding Armor
19:25 Forging
19:39 Double-Bit Axe
19:35 Horse Collar
21:15 Husbandry
25:16 Bow Saw
31:13 Thumb Ring
31:20 Thumb Ring
31:10 Fletching
31:21 Padded Archer Armor
33:36 Gold Mining
33:40 Stone Mining
36:06 Gold Shaft Mining
36:08 Stone Shaft Mining
36:40 Bodkin Arrow
43:58 Imperial Age
44:19 Ballistics
48:14 Chemistry
46:38 Heavy Cavalry Archer
46:46 Elite Mangudai
47:56 Parthian Tactics
48:04 Parthian Tactics
Ludi
10:07 Feudal Age
11:30 Double-Bit Axe
11:48 Loom
12:45 Horse Collar
16:04 Bloodlines
22:55 Castle Age
22:44 Scale Barding Armor
22:50 Forging
24:09 Chain Barding Armor
24:17 Heavy Plow
25:11 Husbandry
26:22 Iron Casting
28:53 Wheelbarrow
30:03 Bow Saw
31:54 Hand Cart
33:18 Gold Mining
33:19 Stone Mining
39:17 Imperial Age
37:42 Gold Shaft Mining
40:06 Heavy Camel Rider
48:32 Onager
54:42 Siege Onager
Krogx
5:26 Loom
11:47 Feudal Age
12:20 Double-Bit Axe
12:18 Horse Collar
14:28 Wheelbarrow
15:46 Bloodlines
21:05 Castle Age
20:59 Stone Mining
21:01 Gold Mining
22:11 Hand Cart
22:35 Stone Shaft Mining
24:00 Bow Saw
30:57 Heavy Plow
31:55 Husbandry
35:19 Scale Barding Armor
35:29 Forging
37:34 Chain Barding Armor
41:58 Imperial Age
39:30 Scale Mail Armor
42:27 Iron Casting
41:43 Fletching
42:09 Chain Mail Armor
42:06 Cavalier
44:15 Two-Man Saw
45:06 Conscription
45:29 Bodkin Arrow
46:11 Plate Barding Armor
46:36 Elite Conquistador
47:55 Ballistics
50:09 Bracer
52:04 Plate Mail Armor
52:37 Blast Furnace
52:44 Chemistry
52:42 Capped Ram
53:51 Paladin
Connection lost

Rejoining the realm…

Still unreachable

The connection could not be restored.

Session expired

The server has moved on; the page needs a fresh start.